 Dungeon Crawl Stone Soup version 0.29.1-1-gd02db6906a (webtiles) character file.

Game seed: 6620297761027977113

81 Larmestyx the Grave Robber (level 4, -4/33 HPs)
             Began as a Demonspawn Necromancer on Oct 3, 2022.
             Killed by divine providence
             ... invoked by an orc priest
              (8 damage)
             ... on level 3 of the Dungeon.
             The game lasted 00:20:26 (2381 turns).

Larmestyx the Grave Robber (Demonspawn Necromancer) Turns: 2381, Time: 00:20:27

Health: -4/33      AC:  5    Str:  9    XL:     4   Next: 19%
Magic:  8/8        EV: 12    Int: 18    God:
Gold:   134        SH:  0    Dex: 13    Spells: 7/8 levels left

rFire   + . .      SeeInvis .   (no weapon)
rCold   . . .      Faith    .   (no shield)
rNeg    . . .      Spirit   .   a - +0 robe
rPois   .          Reflect  .   (no helmet)
rElec   .          Harm     .   g - +0 cloak
rCorr   .          Rampage  .   (no gloves)
Will    .....                   c - +0 pair of boots
Stlth   ++........              (no amulet)
HPRegen 0.11/turn               o - ring of protection from fire
MPRegen 0.11/turn               (no ring)

@: no status effects
A: sharp scales 1
a: no special abilities


You were on level 3 of the Dungeon.
You visited 1 branch of the dungeon, and saw 3 of its levels.

You collected 134 gold pieces.

Inventory:

Missiles
 d - 32 stones
Armour
 a - a +0 robe (worn)
 c - a +0 pair of boots (worn)
 g - a +0 cloak (worn)
Jewellery
 o - a ring of protection from fire (left hand)
Scrolls
 e - a scroll of noise {unknown}
 h - 2 scrolls of identify {unknown}
 n - a scroll of torment {unknown}
 p - a scroll of amnesia {unknown}
 s - a scroll of teleportation {unknown}
Potions
 f - a potion of invisibility {unknown}
 i - a potion of curing {unknown}
 j - a potion of might {unknown}
 k - a potion of haste {unknown}
 l - a potion of heal wounds {unknown}
 m - a potion of berserk rage {unknown}
 q - 2 potions of lignification {unknown}
 r - a potion of brilliance {unknown}


   Skills:
 + Level 2.0 Fighting
 - Level 1.7 Dodging
 - Level 1.7 Stealth
 + Level 2.8 Spellcasting
 + Level 5.1 Necromancy


You had 7 spell levels left.
You knew the following spells:

 Your Spells              Type           Power      Damage    Failure   Level
a - Necrotise             Necr           84%        1d8       1%          1

Your spell library contained the following spells:

 Spells                   Type           Power      Damage    Failure   Level
 Sublimation of Blood     Necr           21%        N/A       3%          2
 Vampiric Draining        Necr           21%        2d7       6%          3
 Animate Dead             Necr           21%        N/A       21%         4
 Wereblood                Tmut           2%         N/A       26%         2
 Agony                    Necr           21%        N/A       50%         5
 Summon Hydra             Summ           1%         N/A       100%        7


Dungeon Overview and Level Annotations

Branches:
Dungeon (3/15)

Altars:


Innate Abilities, Weirdness & Mutations

You are partially covered in razor-sharp scales. (AC +1, Slay +1)


Message History

The orc priest barely resists.
Casting: Necrotise (safe; 1% risk of failure)
Confirm with . or Enter, or press ? or * to list all spells.
Aiming: Necrotise (safe; 1% risk of failure)
Press: ? - help, Shift-Dir - straight line, f/p - orc priest
Aim: an orc priest, wielding a +0 hand axe (lightly wounded, ally target, chance to affect: 80%)
The orc priest writhes in agony.
The orc priest hits you with a +0 hand axe.
The orc hits you with a +0 hand axe. The orc attacks as you move away!
The orc barely misses you.
The orc hits your orc skeleton with a +0 hand axe.
Casting: Necrotise (safe; 1% risk of failure)
Confirm with . or Enter, or press ? or * to list all spells.
Aiming: Necrotise (safe; 1% risk of failure)
Press: ? - help, Shift-Dir - straight line, f/p - orc priest
Aim: an orc priest, wielding a +0 hand axe (lightly wounded, ally target, chance to affect: 80%)
The orc priest barely resists.
The orc priest calls down the wrath of Beogh upon you.
You barely resist.
Your orc skeleton hits the orc.
You hit the orc priest.
The orc priest is moderately wounded.
The orc priest mumbles some strange prayers to Beogh against you.
Beogh smites you!
You barely miss the orc priest.
The orc priest is moderately wounded.
Your orc skeleton closely misses the orc.
The orc priest looks satisfied for a moment.
You barely miss the orc priest.
The orc priest is moderately wounded.
The orc priest calls down the wrath of Beogh upon you.
Beogh smites you!
* * * LOW HITPOINT WARNING * * *
Your orc skeleton hits the orc.
Magic courses through your body. The orc priest closely misses you.
Your orc skeleton closely misses the orc.
You hit the orc priest.
The orc priest is moderately wounded.
The orc priest mumbles some strange prayers to Beogh against you.
Beogh smites you!
You die...

#...####........## #.#
#.....##.........# #.#
#...#.##..##.##.#####.#
##.......#.#.......##.#
####.#####...####.##.#
#.### ##.#####.##.##### .
... #.##............
.?..##.###....##.###.#.##
......oo@..#####.# #.#.##
#####Zo###.......# #.#...
..))) #.#########)#..#
....... ##.## #.......
....... #...# #.##....
....... #..)# #.##.###
....... #...######.##.# #
......# #.............###
#...#####..##....


You could see an orc priest (ally target), 2 orcs and a friendly orc skeleton.

Vanquished Creatures
  3 adders
  A worm (D:2)
  5 orcs (D:3)
  6 ball pythons
  3 endoplasms (D:2)
  3 goblins (D:1)
  2 hobgoblins (D:2)
  2 jackals (D:1)
  4 kobolds
  2 quokkas
  2 bats
  6 frilled lizards
  6 rats
45 creatures vanquished.

Vanquished Creatures (collateral kills)
  A quokka (D:2)
  A rat (D:1)
2 creatures vanquished.

Grand Total: 47 creatures vanquished

Notes
Turn   | Place    | Note
-------+----------+-------------------------------------------
     0 | D:1      | Larmestyx the Demonspawn Necromancer began the quest for
                  | the Orb.
     0 | D:1      | Reached XP level 1. HP: 13/13 MP: 3/3
    17 | D:1      | Found a faded altar of an unknown god.
   484 | D:1      | Gained mutation: You are partially covered in razor-sharp
                  | scales. (AC +1, Slay +1) [demonic ancestry]
   484 | D:1      | Reached XP level 2. HP: 20/20 MP: 0/5
   555 | D:1      | Reached skill level 1 in Fighting
   910 | D:1      | Reached XP level 3. HP: 20/26 MP: 1/6
  2039 | D:3      | Reached skill level 5 in Necromancy
  2130 | D:3      | Reached XP level 4. HP: 33/33 MP: 4/8
  2381 | D:3      | Killed from afar by an orc priest

Illustrated notes

Levels and vault maps discovered:
D:1:      shiori_shiawase, layout_basic, shapermc_ecumenical_altar_venn
D:2:      layout_basic
D:3:      cheibrodos_pilgrimage, layout_loops_cross, minmay_misc_feat_five,
          grunt_ministairs_13, kennysheep_generic_room_12, uniq_ijyb,
          uniq_grinder

Skill      XL: |  1  2  3 |
---------------+----------+-----
Fighting       | 1 2 |  2.0
Necromancy     | 5 |  5.1
Dodging        | |  1.7
Stealth        | |  1.7
Spellcasting   | |  2.8

Action                   |  1- 3 |  4- 6 || total
-------------------------+-------+-------++-------
Melee: Unarmed           |    25 |     4 ||    29
 Cast: Necrotise         |    74 |    14 ||    88
  Use: Potion            |       |     1 ||     1
 Stab: Distracted        |     1 |       ||     1
Armor: Robe              |    13 |       ||    13
Dodge: Dodged            |    24 |     3 ||    27
